 Dungeon Crawl Stone Soup version 0.20.1-1-g8b1a95d (webtiles) character file.

18785 vineage the Basher (level 12, -5/114 HPs)
             Began as a Gargoyle Fighter on Oct 5, 2017.
             Was the Champion of Okawaru.
             Slain by an orc knight
             ... wielding a +0 battleaxe
              (11 damage)
             ... on level 1 of the Orcish Mines.
             The game lasted 00:26:24 (10216 turns).

vineage the Basher (Gargoyle Fighter)              Turns: 10216, Time: 00:26:25

Health: -5/114     AC: 26    Str: 23    XL:     12   Next: 62%
Magic:  0/12       EV:  2    Int:  9    God:    Okawaru [******]
Gold:   888        SH: 15    Dex: 11    Spells: 11/11 levels left

rFire    . . .     SeeInvis .   A - +4 morningstar (drain)
rCold    . . .     Gourm    .   c - +3 shield
rNeg     + + +     Faith    .   (armour currently unavailable)
rPois    ∞         Spirit   +   (helmet currently unavailable)
rElec    .         Reflect  .   (cloak currently unavailable)
rCorr    +         Harm     .   (gloves currently unavailable)
MR       +....     NoTele   +   (boots currently unavailable)
Stlth    ++........             q - amulet of guardian spirit
Regen    0.3/turn               j - ring of protection from magic
MPRegen  0.2/turn               J - ring of resist corrosion

@: tree-form, very slightly contaminated, invisible
A: negative energy resistance 1, petrification resistance, rot immunity, AC +8
a: Heroism, Finesse, Renounce Religion


You were on level 1 of the Orcish Mines.
You worshipped Okawaru.
Okawaru was exalted by your worship.
You were near starving.
You were a tree.
You visited 3 branches of the dungeon, and saw 13 of its levels.

You collected 888 gold pieces.

Inventory:

Hand Weapons
 a - a +0 flail
 v - a -2 flail
 w - a +1 flail of venom
 z - a +2 flail of protection
 A - a +4 morningstar of draining (weapon)
 P - the +6 hand axe of Ytaet {chop, +Blink +Rage Dex-5}
   (You found it on level 7 of the Dungeon)

   It inflicts extra damage upon your enemies.
   It affects your dexterity (-5).
   It lets you blink.
   It lets you go berserk.
 X - a +0 scimitar of flaming
Armour
 b - a +0 scale mail
 c - a +3 shield (worn)
 i - a +1 crystal plate armour (melded)
 n - the +0 pair of gloves of a ziggurat (melded) {rN+ Regen+ Int-5}
   (Okawaru gifted it to you on level 9 of the Dungeon)

   It affects your intelligence (-5).
   It protects you from negative energy.
   It increases your rate of regeneration.
 L - a +0 cloak (melded)
 O - a +0 pair of gloves
Jewellery
 g - an uncursed ring of protection from fire
 j - a ring of protection from magic (left branch)
 q - an amulet of guardian spirit (around neck)
 r - an uncursed amulet of rage
 G - an uncursed ring of stealth
 I - an uncursed ring of see invisible
 J - a ring of resist corrosion (right branch)
 V - a +4 ring of intelligence
Wands
 d - a wand of polymorph (2/24)
 h - a wand of lightning (3/15)
 t - a wand of paralysis (15/24)
 x - a wand of flame (11/48)
 U - a wand of confusion (8/48)
Scrolls
 k - 5 scrolls of remove curse
 K - a scroll of amnesia
 N - a scroll of magic mapping
Potions
 e - 2 potions of brilliance
 p - 3 potions of lignification
 B - a potion of degeneration {unknown}
 M - 2 potions of cancellation
Books
 D - a book of Misfortune

   Spells                             Type                      Level
   a - Confusing Touch                Hexes                        1
   b - Confuse                        Hexes                        3
   c - Gell's Gravitas                Translocation                3
   d - Petrify                        Transmutation/Earth          4
   e - Metabolic Englaciation         Hexes/Ice                    5
   f - Yara's Violent Unravelling     Hexes/Transmutation          5
 F - the Papyrus of Vitriolic Snow
   (You found it on level 4 of the Dungeon)

   Spells                             Type                      Level
   a - Sting                          Conjuration/Poison           1
   b - Freeze                         Ice                          1
   c - Throw Icicle                   Conjuration/Ice              4
   d - Summon Ice Beast               Ice/Summoning                4
   e - Olgreb's Toxic Radiance        Poison                       4
 T - a book of Minor Magic

   Spells                             Type                      Level
   a - Magic Dart                     Conjuration                  1
   b - Blink                          Translocation                2
   c - Call Imp                       Summoning                    2
   d - Slow                           Hexes                        2
   e - Conjure Flame                  Conjuration/Fire             3
   f - Mephitic Cloud                 Conjuration/Poison/Air       3
Comestibles
 f - 11 bread rations
 s - 3 meat rations
 u - 2 royal jellies
 H - 5 fruits


   Skills:
 + Level 9.4 Fighting
 + Level 12.7 Maces & Flails
 + Level 8.4 Armour
 + Level 5.0 Dodging
 + Level 2.0 Stealth
 + Level 11.4 Shields
 + Level 0.4 Invocations


You had 11 spell levels left.
You didn't know any spells.

Dungeon Overview and Level Annotations

Branches:
Dungeon (10/15)            Temple (1/1) D:4            Lair (0/6) D:9
    Orc (2/2) D:9
    Elf: Orc:2

Altars:
Ashenzari
Cheibriados
Dithmenos
Elyvilon
Fedhas
Gozag
Hepliaklqana
Kikubaaqudgha
Makhleb
Nemelex Xobeh
Okawaru
Qazlal
Ru
Sif Muna
Trog
Uskayaw
Vehumet
Xom
Yredelemnul
Zin
The Shining One
Beogh

Shops:
D:5 [   Orc:1 =

Annotations:
D:9 Prince Ribbit


Innate Abilities, Weirdness & Mutations

You are resistant to torment.
((Your stone body is resilient. (AC +8)))
You are immune to poison.
You resist negative energy. (rN+)
((You are resistant to electric shocks. (rElec)))
((You can survive without breathing.))
You are immune to petrification.
You are immune to rotting.


Message History

You are too injured to fight recklessly!
You are too injured to fight recklessly!
You are too injured to fight recklessly!
You are too injured to fight recklessly!
You are too injured to fight recklessly!
You are too injured to fight recklessly!
Your crystal plate armour prevents you from hitting the orc knight.
The orc knight is heavily wounded.
You block the orc knight's attack.
The orc knight hits you with a battleaxe!!
* * * LOW HITPOINT WARNING * * *
You turn into a tree.
Your +0 cloak melds into your body.
The +0 pair of gloves of a ziggurat {rN+ Regen+ Int-5} melds into your body.
Your +1 crystal plate armour melds into your body.
Your roots penetrate the ground.
The orc knight hits you with a great sword of electrocution!
* * * LOW HITPOINT WARNING * * *
You fade into invisibility!
The orc knight hits you with a battleaxe!
You die...

###### ### ###
##.##.### ##.#####.#
#.......###...#.#...
##........#........#
###...............#.##
##..................##
#..[...#...........##
##.................#
##..o♣o........(.####
##.#..........[.##.##
##[#......[.[........#
#.[[.[....[>[.......##
##[#......[[).......#
###............#..##
#......###....####
#.....###....######
##.....##....##.#.##


You could see 2 orc knights.

Vanquished Creatures
  The ghost of raikaria the Fighter, a journeyman OgIE of Ashenzari (D:8)
  The ghost of Feta the Cleaver, a journeyman FoFi of Okawaru (Orc:1)
  A queen ant (D:10)
  Erica (D:8)
  A two-headed ogre (D:9)
  3 death yaks (D:10)
  The ghost of raikaria the Fighter, a novice DrCj (D:7)
  2 orc knights (Orc:1)
  Pikel (D:5)
  2 orc sorcerers (Orc:1)
  Psyche (D:8)
  A troll (D:10)
  A spriggan (D:7)
  Sigmund (D:2)
  11 yaks
  Eustachio (D:6)
  A hungry ghost (D:8)
  Menkaure (D:4)
  Edmund (D:4)
  13 soldier ants (D:10)
  Duvessa (D:6)
  16 orc warriors
  2 ice beasts
  2 sky beasts
  A necrophage (D:9)
  2 phantoms
  7 ogres
  A crocodile (D:8)
  3 centaurs
  A big kobold (D:9)
  Blork the orc (D:5)
  9 bullfrogs
  Dowan (D:6)
  2 scorpions (D:10)
  A water moccasin skeleton (D:7)
  A howler monkey (D:10)
  5 crimson imps
  A centaur zombie (D:7)
  4 hounds
  2 jellies (D:8)
  11 orc priests
  A bullfrog skeleton (D:5)
  A gnoll shaman (Orc:1)
  Crazy Yiuf (D:5)
  Ijyb (D:3)
  A centaur skeleton (D:8)
  15 orc wizards
  Natasha (thrice) (D:2)
  35 worker ants
  2 hound skeletons
  19 gnolls
  11 adders
  2 shadow imps
  4 adder skeletons
  4 worms
  A dart slug (D:3)
  2 leopard geckos
  60 orcs
  4 giant cockroaches
  6 goblins
  7 hobgoblins
  4 jackals
  7 quokkas
  2 ball pythons
  9 bats
  3 frilled lizards
  2 jackal skeletons
  15 kobolds
  A quokka skeleton (D:5)
  5 rats
348 creatures vanquished.

Notes
Turn   | Place    | Note
-------+----------+-------------------------------------------
     0 | D:1      | vineage the Gargoyle Fighter began the quest for the Orb.
     0 | D:1      | Reached XP level 1. HP: 14/14 MP: 1/1
   205 | D:1      | Reached XP level 2. HP: 10/19 MP: 2/2
   866 | D:1      | Reached XP level 3. HP: 20/23 MP: 3/3
  1144 | D:2      | Noticed Natasha
  1149 | D:2      | Killed Natasha
  1149 | D:2      | Reached skill level 1 in Dodging
  1149 | D:2      | Reached XP level 4. HP: 28/28 MP: 4/4
  1192 | D:2      | Reached skill level 3 in Maces & Flails
  1221 | D:2      | Noticed Sigmund
  1343 | D:2      | Killed Sigmund
  1343 | D:2      | Reached skill level 4 in Maces & Flails
  1343 | D:2      | Reached XP level 5. HP: 22/33 MP: 5/5
  1396 | D:2      | Reached XP level 6. HP: 32/38 MP: 6/6
  1507 | D:2      | Noticed Natasha
  1512 | D:2      | Killed Natasha
  1683 | D:2      | Noticed Natasha
  1687 | D:2      | Killed Natasha
  2272 | D:3      | Noticed Ijyb
  2281 | D:3      | Killed Ijyb
  2281 | D:3      | Reached skill level 1 in Stealth
  2476 | D:3      | Found a sparkling altar of Nemelex Xobeh.
  2565 | D:4      | Noticed Menkaure
  2574 | D:4      | Killed Menkaure
  2574 | D:4      | Reached skill level 5 in Maces & Flails
  2574 | D:4      | Reached XP level 7. HP: 31/44 MP: 3/7
  2624 | D:4      | Noticed Edmund
  2634 | D:4      | Killed Edmund
  2786 | D:4      | Found a staircase to the Ecumenical Temple.
  2831 | Temple   | Entered the Ecumenical Temple
  2896 | Temple   | Became a worshipper of Warmaster Okawaru
  2974 | D:4      | Reached skill level 5 in Shields
  3308 | D:4      | Reached XP level 8. HP: 48/48 MP: 8/8
  3455 | D:4      | Identified the Papyrus of Vitriolic Snow
  3551 | D:5      | Entered Level 5 of the Dungeon
  3577 | D:5      | Reached skill level 6 in Maces & Flails
  3596 | D:5      | Found Test's Armour Shoppe.
  3758 | D:5      | Noticed Blork the orc
  3783 | D:5      | Killed Blork the orc
  4029 | D:5      | Reached * piety under Okawaru
  4029 | D:5      | Reached skill level 5 in Armour
  4053 | D:5      | Found a runed door.
  4293 | D:5      | Noticed Pikel
  4309 | D:5      | Killed Pikel
  4309 | D:5      | Reached skill level 5 in Fighting
  4309 | D:5      | Reached skill level 7 in Maces & Flails
  4309 | D:5      | Reached XP level 9. HP: 49/54 MP: 9/9
  4626 | D:5      | Noticed Crazy Yiuf
  4632 | D:5      | Killed Crazy Yiuf
  4682 | D:6      | Reached ** piety under Okawaru
  4692 | D:6      | Found a shimmering altar of Xom.
  4693 | D:6      | Found a shimmering altar of Xom.
  4693 | D:6      | Found a shimmering altar of Xom.
  4700 | D:6      | Found a shimmering altar of Xom.
  4782 | D:6      | Noticed Eustachio
  4792 | D:6      | Killed Eustachio
  5023 | D:6      | Noticed Dowan
  5024 | D:6      | Noticed Duvessa
  5036 | D:6      | Killed Duvessa
  5036 | D:6      | Reached skill level 8 in Maces & Flails
  5044 | D:6      | Killed Dowan
  5449 | D:7      | Got a scorched hand axe
  5450 | D:7      | Identified the +6 hand axe of Ytaet {chop, +Blink +Rage Dex-5} (You found it on level 7 of the Dungeon)
  5470 | D:7      | Noticed raikaria's ghost (novice DrCj)
  5485 | D:7      | Killed raikaria's ghost
  5485 | D:7      | Reached *** piety under Okawaru
  5493 | D:7      | Reached skill level 9 in Maces & Flails
  5496 | D:7      | Reached XP level 10. HP: 42/60 MP: 8/10
  5626 | D:7      | Reached **** piety under Okawaru
  6198 | D:8      | Noticed Psyche
  6216 | D:8      | Killed Psyche
  6232 | D:8      | Noticed Erica
  6233 | D:8      | Noticed raikaria's ghost (journeyman OgIE)
  6348 | D:8      | Killed raikaria's ghost
  6348 | D:8      | Reached ***** piety under Okawaru
  6348 | D:8      | Reached skill level 10 in Maces & Flails
  6409 | D:8      | Received a gift from Okawaru
  6875 | D:8      | Killed Erica
  7129 | D:9      | Reached XP level 11. HP: 67/67 MP: 9/11
  7218 | D:9      | Found a staircase to the Orcish Mines.
  7222 | D:9      | Noticed a two-headed ogre
  7285 | D:9      | Killed a two-headed ogre
  7285 | D:9      | Received a gift from Okawaru
  7306 | D:9      | Reached skill level 11 in Maces & Flails
  7320 | D:9      | Got a pair of fine gloves {god gift}
  7356 | D:9      | Noticed a death yak
  7357 | D:9      | Noticed a death yak
  7359 | D:9      | Noticed Prince Ribbit
  7359 | D:9      | Found a staircase to the Lair.
  7359 | D:9      | Noticed a death yak
  7400 | D:10     | Entered Level 10 of the Dungeon
  7430 | D:10     | Killed a death yak
  7623 | D:10     | Identified the +0 pair of gloves of a ziggurat {rN+ Regen+ Int-5} (Okawaru gifted it to you on level 9 of the Dungeon)
  7738 | D:10     | Noticed a queen ant
  7762 | D:10     | Killed a queen ant
  8622 | D:10     | Reached skill level 10 in Shields
  9163 | D:10     | Killed a death yak
  9163 | D:10     | Reached skill level 12 in Maces & Flails
  9163 | D:10     | Reached XP level 12. HP: 60/76 MP: 9/12
  9231 | D:10     | Killed a death yak
  9231 | D:10     | Reached ****** piety under Okawaru
  9231 | D:10     | Received a gift from Okawaru
  9309 | D:9      | Found a roughly hewn altar of Beogh.
  9312 | Orc:1    | Entered Level 1 of the Orcish Mines
  9321 | Orc:1    | Noticed Feta's ghost (journeyman FoFi)
  9346 | Orc:1    | Killed Feta's ghost
  9561 | Orc:1    | Found Ixti's Jewellery Emporium.
  9747 | Orc:1    | Received a gift from Okawaru
  9861 | Orc:2    | Entered Level 2 of the Orcish Mines
  9932 | Orc:1    | Reached skill level 5 in Dodging
 10001 | Orc:2    | Noticed an orc high priest
 10215 | Orc:1    | HP: 5/114 [orc knight/great sword of electrocution (14)]
 10216 | Orc:1    | Slain by an orc knight

Skill      XL: |  1  2  3  4  5  6  7  8  9 10 11 12 |
---------------+-------------------------------------+-----
Dodging        | 1 2 3 4 5 |  5.0
Maces & Flails | 4 5 7 9 10 12 | 12.7
Fighting       | 4 5 6 7 9 |  9.4
Armour         | 4 5 6 7 8 |  8.4
Shields        | 4 5 6 7 8 10 11 | 11.4
Stealth        | 1 2 |  2.0
Invocations    | |  0.4

Action                   |  1- 3 |  4- 6 |  7- 9 | 10-12 || total
-------------------------+-------+-------+-------+-------++-------
Melee: Flail             |   116 |   136 |   357 |   869 ||  1478
       Unarmed           |       |     2 |       |       ||     2
       Morningstar       |       |       |       |   202 ||   202
Invok: Heroism           |       |       |       |     3 ||     3
  Use: Potion            |       |     3 |     3 |    15 ||    21
       Scroll            |       |     4 |       |    21 ||    25
  Eat: Chunk             |       |     4 |    10 |    16 ||    30
       Fruit             |       |     2 |       |       ||     2
       Meat ration       |       |       |       |     1 ||     1
Armor: Scale mail        |    70 |    67 |   129 |   365 ||   631
       Skin              |       |     5 |       |       ||     5
       Crystal plate arm |       |       |       |    46 ||    46
Dodge: Dodged            |    32 |    49 |    88 |   357 ||   526
Block: Shield            |    72 |    88 |   163 |   784 ||  1107
